| TOP OF THE 1ST |
|
New York Yankees batting - Pitching for Chicago Cubs : RHP Scott Garrelts
|
|
Pitching: RHP Scott Garrelts
|
|
|
Batting: RHB Orlando Cabrera
|
0-0: Called Strike 0-1: Foul Ball, location: 2F 0-2: Ground out 5-3 (Groundball, 56, EV 91.9 MPH)
|
|
Batting: LHB Bobby Abreu
|
0-0: Ball 1-0: Swinging Strike 1-1: Called Strike 1-2: Strikes out swinging
|
|
Batting: RHB Mike Lieberthal
|
0-0: SOLO HOME RUN (Flyball, 7D, EV 93.1 MPH), Distance : 377 ft
|
|
Batting: RHB Kazuhiro Kiyohara
|
0-0: Called Strike 0-1: Ball 1-1: Foul Ball, location: 2F 1-2: Strikes out swinging
|
| Top of the 1st over - 1 run, 1 hit, 0 errors, 0 left on base; New York 1 - Chicago 0 |
| BOTTOM OF THE 1ST |
|
Chicago Cubs batting - Pitching for New York Yankees : LHP Brian Bohanon
|
|
Pitching: LHP Brian Bohanon
|
|
|
Batting: RHB Craig Shipley
|
0-0: Ball 1-0: Ground out 4-3 (Groundball, 4, EV 85.0 MPH)
|
|
Batting: RHB Derek Bell
|
0-0: Ball 1-0: Ball 2-0: Called Strike 2-1: Ball 3-1: Base on Balls
|
|
Batting: LHB Trot Nixon
|
0-0: Called Strike 0-1: Ball 1-1: Foul Ball, location: 2F 1-2: Foul Ball, location: 2F 1-2: Foul Ball, location: 2F 1-2: Ball Derek Bell steals 2nd base (no throw) 2-2: Ball 3-2: Foul Ball, location: 2F 3-2: Fly out, F7 (Flyball, 7LM, EV 103.1 MPH)
|
|
Batting: RHB Mike Piazza
|
0-0: Ball 1-0: Ground out 6-3 (Groundball, 6, EV 86.3 MPH)
|
| Bottom of the 1st over - 0 runs, 0 hits, 0 errors, 1 left on base; New York 1 - Chicago 0 |
| TOP OF THE 2ND |
|
New York Yankees batting - Pitching for Chicago Cubs : RHP Scott Garrelts
|
|
Batting: RHB Travis Fryman
|
0-0: Called Strike 0-1: Ball 1-1: Ball 2-1: Foul Ball, location: 2F 2-2: Foul Ball, location: 2F 2-2: Foul Ball, location: 2F 2-2: Fly out, F7 (Flyball, 7LMF, EV 91.9 MPH)
|
|
Batting: RHB Phil B. Clark
|
0-0: Ball 1-0: Ball 2-0: Foul Ball, location: 2F 2-1: Ball 3-1: Base on Balls
|
|
Batting: RHB Mike Gallego
|
0-0: Called Strike 0-1: Foul Ball, location: 2F 0-2: Strikes out swinging
|
|
Batting: SHB Quinton McCracken
|
0-0: Ball 1-0: Fly out, F5 (Line Drive, 5, EV 68.1 MPH)
|
| Top of the 2nd over - 0 runs, 0 hits, 0 errors, 1 left on base; New York 1 - Chicago 0 |
| BOTTOM OF THE 2ND |
|
Chicago Cubs batting - Pitching for New York Yankees : LHP Brian Bohanon
|
|
Batting: RHB Vinny Castilla
|
0-0: Ball 1-0: Ball 2-0: Called Strike 2-1: Ball 3-1: Fly out, F8 (Flyball, 8LD, EV 94.4 MPH)
|
|
Batting: RHB Carmelo Martinez
|
0-0: Foul Ball, location: 2F 0-1: Ball 1-1: Ball 2-1: Ball 3-1: Base on Balls
|
|
Batting: RHB Jeff Cirillo
|
0-0: Ball 1-0: Grounds into double play, 4-6-3 (Groundball, 34, EV 104.4 MPH)
|
| Bottom of the 2nd over - 0 runs, 0 hits, 0 errors, 0 left on base; New York 1 - Chicago 0 |
| TOP OF THE 3RD |
|
New York Yankees batting - Pitching for Chicago Cubs : RHP Scott Garrelts
|
|
Batting: RHB Darren Lewis
|
0-0: Ball 1-0: Called Strike 1-1: Swinging Strike 1-2: Ball 2-2: Ball 3-2: Strikes out looking
|
|
Batting: RHB Orlando Cabrera
|
0-0: SINGLE (Groundball, 6MD, EV 97.5 MPH)
|
|
Batting: LHB Bobby Abreu
|
0-0: Ball 1-0: Called Strike 1-1: Ball 2-1: Foul Ball, location: 2F 2-2: Ball 3-2: DOUBLE (Line Drive, 78M, EV 97.5 MPH) Orlando Cabrera to third Runner from 3rd tries for Home, SAFE, no throw by LF
|
|
Batting: RHB Mike Lieberthal
|
0-0: Called Strike 0-1: Swinging Strike 0-2: Ball 1-2: DOUBLE (Flyball, 8LXD, EV 109.4 MPH) Bobby Abreu scores
|
|
Batting: RHB Kazuhiro Kiyohara
|
0-0: Ball 1-0: Ball 2-0: Called Strike 2-1: Ball 3-1: Base on Balls
|
|
Batting: RHB Travis Fryman
|
0-0: Called Strike 0-1: Foul Ball, location: 2F 0-2: Fly out, F8 (Line Drive, 8RM, EV 100.0 MPH)
|
|
Batting: RHB Phil B. Clark
|
0-0: Ball 1-0: Ball 2-0: Called Strike 2-1: Ball 3-1: Base on Balls Mike Lieberthal to third Kazuhiro Kiyohara to second
|
|
Batting: RHB Mike Gallego
|
0-0: Foul Ball, location: 2F 0-1: Ball 1-1: Foul Ball, location: 2F 1-2: Ball 2-2: Foul Ball, location: 2F 2-2: Fielders Choice at 2nd, 6-4 (Groundball, 6, EV 83.8 MPH)
|
| Top of the 3rd over - 2 runs, 3 hits, 0 errors, 3 left on base; New York 3 - Chicago 0 |
| BOTTOM OF THE 3RD |
|
Chicago Cubs batting - Pitching for New York Yankees : LHP Brian Bohanon
|
|
Batting: RHB Chris Hoiles
|
0-0: Called Strike 0-1: Ball 1-1: Foul Ball, location: 2F 1-2: Foul Ball, location: 2F 1-2: Strikes out swinging, 2-3 out at first.
|
|
Batting: RHB Bob Brower
|
0-0: Ball 1-0: Ball 2-0: Ball 3-0: Called Strike 3-1: Called Strike 3-2: Ground out 5-3 (Groundball, 56, EV 99.4 MPH)
|
|
Batting: RHB Craig Shipley
|
0-0: Ball 1-0: Ball 2-0: SOLO HOME RUN (Flyball, 7LD, EV 110.6 MPH), Distance : 368 ft
|
|
Batting: RHB Derek Bell
|
0-0: Called Strike 0-1: Swinging Strike 0-2: Ball 1-2: Foul Ball, location: 2F 1-2: Strikes out swinging
|
| Bottom of the 3rd over - 1 run, 1 hit, 0 errors, 0 left on base; New York 3 - Chicago 1 |
| TOP OF THE 4TH |
|
New York Yankees batting - Pitching for Chicago Cubs : RHP Scott Garrelts
|
|
Batting: SHB Quinton McCracken
|
0-0: Called Strike 0-1: Swinging Strike 0-2: Foul Ball, location: 2F 0-2: Ball 1-2: SINGLE (Flyball, 7S, EV 90.6 MPH)
|
|
Batting: RHB Darren Lewis
|
0-0: Called Strike 0-1: Bunted foul 0-2: Foul Ball, location: 2F 0-2: Ball 1-2: Fly out, F5 (Popup, 5F, EV 41.3 MPH)
|
|
Batting: RHB Orlando Cabrera
|
0-0: Called Strike 0-1: Foul Ball, location: 2F 0-2: Ball 1-2: Ball 2-2: Ball 3-2: Foul Ball, location: 2F 3-2: Foul Ball, location: 2F 3-2: Foul Ball, location: 2F 3-2: Foul Ball, location: 2F 3-2: Strikes out looking
|
|
Batting: LHB Bobby Abreu
|
0-0: Called Strike 0-1: Foul Ball, location: 2F 0-2: Ball 1-2: Ball 2-2: Fly out, F7 (Flyball, 7LSF, EV 96.9 MPH)
|
| Top of the 4th over - 0 runs, 1 hit, 0 errors, 1 left on base; New York 3 - Chicago 1 |
| BOTTOM OF THE 4TH |
|
Chicago Cubs batting - Pitching for New York Yankees : LHP Brian Bohanon
|
|
Batting: LHB Trot Nixon
|
0-0: Ball 1-0: Swinging Strike 1-1: Fly out, F2 (Popup, 23F, EV 88.1 MPH)
|
|
Batting: RHB Mike Piazza
|
0-0: Ball 1-0: SINGLE (Line Drive, 9LM, EV 112.5 MPH)
|
|
Batting: RHB Vinny Castilla
|
0-0: Called Strike 0-1: Swinging Strike 0-2: Foul Ball, location: 2F 0-2: Fielders Choice at 2nd, 1-4 (Groundball, 15, EV 91.3 MPH)
|
|
Batting: RHB Carmelo Martinez
|
0-0: Ball 1-0: Ball 2-0: Called Strike 2-1: Ball Wild Pitch! Vinny Castilla to second 3-1: Base on Balls
|
|
Batting: RHB Jeff Cirillo
|
0-0: Ball 1-0: Swinging Strike 1-1: Swinging Strike 1-2: Ball 2-2: Ball 3-2: Fly out, F7 (Flyball, 7LD, EV 108.8 MPH)
|
| Bottom of the 4th over - 0 runs, 1 hit, 0 errors, 2 left on base; New York 3 - Chicago 1 |
| TOP OF THE 5TH |
|
New York Yankees batting - Pitching for Chicago Cubs : RHP Scott Garrelts
|
|
Batting: RHB Mike Lieberthal
|
0-0: Called Strike 0-1: DOUBLE (Line Drive, 7LM, EV 101.3 MPH)
|
|
Batting: RHB Kazuhiro Kiyohara
|
0-0: Ball 1-0: Sac Bunt to 3S - play at first, batter OUT! 3-4 Mike Lieberthal to third
|
|
Batting: RHB Travis Fryman
|
0-0: Called Strike 0-1: Ball Passed Ball! Mike Lieberthal scores 1-1: Foul Ball, location: 2F 1-2: Ground out 6-3 (Groundball, 6, EV 100.6 MPH)
|
|
Batting: RHB Phil B. Clark
|
0-0: Swinging Strike 0-1: Ground out 5-3 (Groundball, 56D, EV 107.5 MPH)
|
| Top of the 5th over - 1 run, 1 hit, 0 errors, 0 left on base; New York 4 - Chicago 1 |
| BOTTOM OF THE 5TH |
|
Chicago Cubs batting - Pitching for New York Yankees : LHP Brian Bohanon
|
|
Batting: RHB Chris Hoiles
|
0-0: Foul Ball, location: 2F 0-1: Ball 1-1: Ball 2-1: Ball 3-1: Foul Ball, location: 2F 3-2: DOUBLE (Flyball, 8RXD, EV 86.9 MPH)
|
|
Batting: RHB Bob Brower
|
0-0: Ball 1-0: Bunt missed! 1-1: Bunt missed! 1-2: Ball 2-2: Foul Ball, location: 2F 2-2: Foul Ball, location: 2F 2-2: Ball 3-2: Fly out, F9 (Flyball, 89D, EV 95.6 MPH)
|
|
Batting: RHB Craig Shipley
|
0-0: Called Strike 0-1: 2-RUN HOME RUN (Flyball, 9D, EV 87.5 MPH), Distance : 388 ft
|
|
Batting: RHB Derek Bell
|
0-0: Called Strike 0-1: Swinging Strike 0-2: Fly out, F5 (Popup, 5SF, EV 78.8 MPH)
|
|
Batting: LHB Trot Nixon
|
0-0: Ball 1-0: Ball 2-0: Ball 3-0: Called Strike 3-1: Fly out, F8 (Flyball, 78S, EV 85.6 MPH)
|
| Bottom of the 5th over - 2 runs, 2 hits, 0 errors, 0 left on base; New York 4 - Chicago 3 |
| TOP OF THE 6TH |
|
New York Yankees batting - Pitching for Chicago Cubs : RHP Scott Garrelts
|
|
Batting: RHB Mike Gallego
|
0-0: Foul Ball, location: 2F 0-1: Ball 1-1: Ball 2-1: SINGLE (Line Drive, 8RS, EV 105.6 MPH)
|
|
Pitching: LHP Mike Holtz
|
|
|
Batting: SHB Quinton McCracken
|
0-0: Bunt missed! 0-1: Bunt missed! 0-2: Foul Ball, location: 2F 0-2: Ball 1-2: Fly out, F9 (Flyball, 9S, EV 79.4 MPH)
|
|
Batting: RHB Darren Lewis
|
0-0: Ball 1-0: Ball 2-0: Called Strike 2-1: Called Strike 2-2: Foul Ball, location: 2F 2-2: Ball 3-2: Fielders Choice at 2nd, 6-4 (Groundball, 6, EV 92.5 MPH)
|
|
Batting: RHB Orlando Cabrera
|
0-0: Ball 1-0: Fly out, F8 (Line Drive, 8RM, EV 93.8 MPH)
|
| Top of the 6th over - 0 runs, 1 hit, 0 errors, 1 left on base; New York 4 - Chicago 3 |
| BOTTOM OF THE 6TH |
|
Chicago Cubs batting - Pitching for New York Yankees : LHP Brian Bohanon
|
|
Batting: RHB Mike Piazza
|
0-0: Foul Ball, location: 2F 0-1: Called Strike 0-2: Ball 1-2: Foul Ball, location: 2F 1-2: SOLO HOME RUN (Flyball, 7LD, EV 104.4 MPH), Distance : 365 ft
|
|
Batting: RHB Vinny Castilla
|
0-0: DOUBLE (Flyball, 8RXD, EV 102.5 MPH)
|
|
Pitching: RHP Lee Smith
|
|
|
Batting: RHB Carmelo Martinez
|
0-0: Ball 1-0: Called Strike 1-1: Foul Ball, location: 2F 1-2: Ball 2-2: Ball 3-2: Ground out 5-3 (Groundball, 56, EV 85.6 MPH)
|
|
Batting: RHB Jeff Cirillo
|
0-0: Ball 1-0: SINGLE (Groundball, 34D, EV 95.6 MPH) Vinny Castilla to third Runner from 3rd tries for Home, SAFE, throw by RF to home
|
|
Batting: RHB Chris Hoiles
|
0-0: Ball 1-0: Ball 2-0: Called Strike 2-1: Called Strike 2-2: Foul Ball, location: 2F 2-2: Fly out, F1 (Popup, 13, EV 85.0 MPH)
|
|
Batting: RHB Bob Brower
|
0-0: Fly out, F9 (Flyball, 9S, EV 91.9 MPH)
|
| Bottom of the 6th over - 2 runs, 3 hits, 0 errors, 1 left on base; New York 4 - Chicago 5 |
| TOP OF THE 7TH |
|
New York Yankees batting - Pitching for Chicago Cubs : LHP Mike Holtz
|
|
Batting: LHB Bobby Abreu
|
0-0: Ball 1-0: Ball 2-0: Called Strike 2-1: Ground out 2-3 (Groundball, 15S, EV 68.8 MPH)
|
|
Batting: RHB Mike Lieberthal
|
0-0: Foul Ball, location: 2F 0-1: Ball 1-1: Ball 2-1: Swinging Strike 2-2: Fly out, F9 (Flyball, 89M, EV 86.9 MPH)
|
|
Batting: RHB Kazuhiro Kiyohara
|
0-0: Called Strike 0-1: Ball 1-1: Swinging Strike 1-2: Ball 2-2: Ball 3-2: Strikes out swinging
|
| Top of the 7th over - 0 runs, 0 hits, 0 errors, 0 left on base; New York 4 - Chicago 5 |
| BOTTOM OF THE 7TH |
|
Chicago Cubs batting - Pitching for New York Yankees : RHP Lee Smith
|
|
Batting: RHB Craig Shipley
|
0-0: Ball 1-0: Ball 2-0: Called Strike 2-1: Foul Ball, location: 2F 2-2: Ball 3-2: Base on Balls
|
|
Pitching: LHP Doug Simons
|
|
|
Batting: RHB Derek Bell
|
0-0: Swinging Strike 0-1: Ball 1-1: Swinging Strike 1-2: Ball 2-2: Ball 3-2: Strikes out swinging
|
|
Batting: LHB Trot Nixon
|
0-0: Ball 1-0: Called Strike 1-1: Ball 2-1: Swinging Strike 2-2: Strikes out swinging
|
|
Batting: RHB Mike Piazza
|
0-0: Ball 1-0: Ball 2-0: Called Strike 2-1: Ball Wild Pitch! Craig Shipley to second 3-1: Fly out, F8 (Flyball, 78XD, EV 95.6 MPH)
|
| Bottom of the 7th over - 0 runs, 0 hits, 0 errors, 1 left on base; New York 4 - Chicago 5 |
| TOP OF THE 8TH |
|
New York Yankees batting - Pitching for Chicago Cubs : LHP Mike Holtz
|
|
Now at 2B: Scott Cooper
|
|
|
Batting: RHB Travis Fryman
|
0-0: Fly out, F4 (Flyball, 34D, EV 80.6 MPH)
|
|
Batting: RHB Phil B. Clark
|
0-0: Called Strike 0-1: Ball 1-1: Ball 2-1: Ground out 4-3 (Groundball, 4, EV 90.6 MPH)
|
|
Batting: RHB Mike Gallego
|
0-0: Called Strike 0-1: Foul Ball, location: 2F 0-2: SINGLE (Groundball, 6MD, EV 98.1 MPH)
|
|
Pitching: RHP Alberto Reyes
|
|
|
Batting: SHB Quinton McCracken
|
0-0: Called Strike 0-1: Ball 1-1: Ball 2-1: Foul Ball, location: 2F 2-2: Fly out, F9 (Flyball, 9S, EV 78.1 MPH)
|
| Top of the 8th over - 0 runs, 1 hit, 0 errors, 1 left on base; New York 4 - Chicago 5 |
| BOTTOM OF THE 8TH |
|
Chicago Cubs batting - Pitching for New York Yankees : LHP Doug Simons
|
|
Batting: RHB Vinny Castilla
|
0-0: Ball 1-0: Fly out, F9 (Flyball, 9, EV 90.6 MPH)
|
|
Batting: RHB Carmelo Martinez
|
0-0: Ball 1-0: Called Strike 1-1: Ball 2-1: Ball 3-1: SINGLE (Flyball, 9LS, EV 87.5 MPH)
|
|
Pitching: LHP Bryan Eversgerd
|
|
|
Batting: RHB Jeff Cirillo
|
0-0: Ball 1-0: SINGLE (Flyball, 7S, EV 90.6 MPH) Carmelo Martinez to second
|
|
Batting: RHB Chris Hoiles
|
0-0: Ball 1-0: Ball 2-0: Ball 3-0: Called Strike 3-1: Called Strike 3-2: Base on Balls Carmelo Martinez to third Jeff Cirillo to second
|
|
Batting: RHB Bob Brower
|
0-0: Called Strike 0-1: SINGLE (Groundball, 6MD, EV 103.8 MPH) Carmelo Martinez scores Jeff Cirillo to third Chris Hoiles to second
|
|
Pitching: RHP Andy Ashby
|
|
|
Batting: LHB Scott Cooper
|
0-0: Swinging Strike 0-1: Called Strike 0-2: Strikes out swinging
|
|
Batting: RHB Derek Bell
|
0-0: Ball 1-0: Ball 2-0: Called Strike 2-1: Swinging Strike 2-2: Strikes out looking
|
| Bottom of the 8th over - 1 run, 3 hits, 0 errors, 3 left on base; New York 4 - Chicago 6 |
| TOP OF THE 9TH |
|
New York Yankees batting - Pitching for Chicago Cubs : RHP Alberto Reyes
|
|
Pitching: LHP Frank DiPino
|
|
|
Batting: RHB Darren Lewis
|
0-0: Ball 1-0: Ground out 5-3 (Groundball, 56, EV 81.3 MPH)
|
|
Batting: RHB Orlando Cabrera
|
0-0: Ball 1-0: Ground out U3 (Groundball, 34S, EV 80.6 MPH)
|
|
Batting: LHB Bobby Abreu
|
0-0: Called Strike 0-1: Fly out, F8 (Flyball, 8RM, EV 90.0 MPH)
|
| Top of the 9th over - 0 runs, 0 hits, 0 errors, 0 left on base; New York 4 - Chicago 6 |
|